 Dungeon Crawl Stone Soup version 0.18-a0-1542-g9c1a92e (webtiles) character file.

14 Ratboiler the Magician (level 2, -1/12 HPs)
             Began as a Felid Wanderer on Mar 10, 2016.
             Killed by nerve-wracking pain
             ... invoked by a shadow imp
              (13 damage)
             ... on level 3 of the Dungeon.
             The game lasted 00:01:04 (232 turns).

Ratboiler the Magician (Felid Wanderer)              Turns: 232, Time: 00:01:04

Health: -1/12      AC:  1    Str:  7    XL:     2   Next: 31%
Magic:  6/6        EV: 15    Int: 16    God:
Gold:   0          SH:  0    Dex: 13    Spells: 0 memorised, 6 levels left
                                        Lives:  0   Deaths: 0

rFire  . . .     SeeInvis +       - Unarmed
rCold  . . .     Gourm    .     (armour unavailable)
rNeg   . . .     Faith    .     (shield unavailable)
rPois  .         Spirit   .     (helmet unavailable)
rElec  .         Dismiss  .     (cloak unavailable)
rCorr  .         Reflect  .     (gloves unavailable)
SustAt .         Harm     .     (boots unavailable)
MR     .....                    (no amulet)
Stlth  ++........               (no ring)
                                (no ring)

@: quick, not resistant to hostile enchantments, unstealthy
A: no armour, no weapons or thrown items, claws 1, fangs 3, see invisible,
carnivore 3, speed 1, shaggy fur 1, slow metabolism 1, sharp paws
a: no special abilities


You were on level 3 of the Dungeon.
You were full.

You visited 1 branch of the dungeon, and saw 3 of its levels.

Inventory:

Scrolls
 d - a scroll of teleportation
 e - a scroll of magic mapping {unknown}
 g - 2 scrolls of identify {unknown}
 h - a scroll of fear {unknown}
Potions
 a - a potion of berserk rage
 b - a potion of haste
 c - a potion of lignification
 i - a potion of invisibility {unknown}
 j - a potion of agility {unknown}
Comestibles
 f - a meat ration


   Skills:
 - Level 1.0 Fighting
 + Level 1.1 Stealth
 - Level 2.0 Unarmed Combat
 - Level 2.7 Spellcasting
   Level 2.6 Earth Magic
   Level 2.1 Evocations


You had 6 spell levels left.
You didn't know any spells.

Dungeon Overview and Level Annotations

Branches:
Dungeon (3/15)

Altars:


Innate Abilities, Weirdness & Mutations

You cannot wear armour.
You are incapable of wielding weapons or throwing items.
You have sharp claws.
You have razor-sharp teeth.
You have supernaturally acute eyesight.
You are carnivorous and can eat meat at any time.
You cover ground quickly.
You are covered in fur (AC +1).
You have a slow metabolism.
Your sharp claws are effective at attacking unaware monsters.


Message History

Found a stone staircase leading down.
Found a dagger.
A worm comes into view.
Found 18 sling bullets.
There is a stone staircase leading down here.
You climb downwards.
A rat and a shadow imp come into view.
There is a stone staircase leading up here.
The shadow imp shouts!
You hear a shout!
The rat closely misses you.
You scratch the rat.
You kill the rat!
Your Stealth skill increases to level 1!
A kobold comes into view. It is wielding a dagger.
You scratch the shadow imp.
The shadow imp is lightly wounded.
The shadow imp gestures at you. Pain shoots through your body!
Ouch! That really hurt!
You die...

###...#
.....#
K....# ....#
....#
#####...####
#....5†....#
#..<.@..#
#.......#
##.###..#
... ..#
..... ....
...... ..###
###### ...
####


You could see a shadow imp and a kobold.

Vanquished Creatures
  An adder (D:2)
  A bat (D:2)
  A hobgoblin (D:2)
  A giant newt (D:2)
  A kobold (D:2)
  2 rats
7 creatures vanquished.

Notes
Turn   | Place    | Note
--------------------------------------------------------------
     0 | D:1      | Ratboiler the Felid Wanderer began the quest for the Orb.
     0 | D:1      | Ratboiler set off with: a potion of berserk rage, a potion of haste, a potion of lignification, a scroll of teleportation, a meat ration
     0 | D:1      | Reached XP level 1. HP: 9/9 MP: 4/4
    19 | D:2      | Reached XP level 2. HP: 12/12 MP: 4/6
   231 | D:3      | Reached skill level 1 in Stealth
   232 | D:3      | Killed from afar by a shadow imp

Vault maps used:
D:1:      tarquinn_simple_flora_water_b, grunt_decor_fettered,
          minmay_stone_trees_medium
D:2:      marbit_many_paths, serial_bayou_ford_a, uniq_robin
D:3:      lemuel_doored_altar, nicolae_ru_great_annihilating_truth,
          uniq_jessica, uniq_crazy_yiuf_cottage, uniq_iyjb

Skill      XL: |  1  2 |
---------------+-------+-----
Stealth        | 1 |  1.1
Fighting       | |  1.0
Unarmed Combat | |  2.0
Spellcasting   | |  2.7
Earth Magic    | |  2.6
Evocations     | |  2.1

Action                   || total
-------------------------++-------
Melee: Unarmed           ||    23
 Stab: Sleeping          ||     2
  Eat: Chunk             ||     2
